 Dungeon Crawl Stone Soup version 0.20.1-1-g8b1a95d66d (webtiles) character file.

161 Jerry the Covered (level 5, 0/43 HPs)
             Began as a Barachi Fighter on Nov 17, 2017.
             Slain by a gnoll
             ... wielding a +0 flail
              (5 damage)
             ... on level 3 of the Dungeon.
             The game lasted 00:04:08 (2551 turns).

Jerry the Covered (Barachi Fighter)                 Turns: 2551, Time: 00:04:08

Health: 0/43       AC:  7    Str: 19    XL:     5   Next: 42%
Magic:  5/5        EV:  9    Int:  8    God:
Gold:   209        SH:  0    Dex: 11    Spells: 4/4 levels left

rFire    . . .     SeeInvis .   a - +0 long sword
rCold    . . .     Gourm    .   (no shield)
rNeg     . . .     Faith    .   b - +0 scale mail
rPois    .         Spirit   .   (no helmet)
rElec    .         Reflect  .   (no cloak)
rCorr    .         Harm     .   (no gloves)
MR       .....                  (no boots)
Stlth    ..........             (no amulet)
Regen    0.2/turn               (no ring)
MPRegen  0.1/turn               (no ring)

@: slow
A: +LOS, swims, slowness 1, strong legs 1
a: Hop


You were on level 3 of the Dungeon.
You were not hungry.

You visited 1 branch of the dungeon, and saw 3 of its levels.

You collected 209 gold pieces.

Inventory:

Hand Weapons
 a - a +0 long sword (weapon)
 g - a +0 dagger of venom
 u - a cursed -3 hunting sling
Missiles
 v - 58 stones (quivered)
Armour
 b - a +0 scale mail (worn)
 c - a +0 shield
Jewellery
 i - an uncursed ring of fire {unknown}
 q - an uncursed ring of protection from magic {unknown}
Scrolls
 e - 5 scrolls of identify {unknown}
 h - 2 scrolls of remove curse {unknown}
 l - a scroll of random uselessness {unknown}
 m - a scroll of recharging {unknown}
 o - a scroll of noise {unknown}
 p - a scroll of amnesia {unknown}
 r - a scroll of enchant weapon {unknown}
Potions
 d - a potion of might
 k - a potion of curing {unknown}
 n - 2 potions of cancellation {unknown}
 s - a potion of brilliance {unknown}
 t - a potion of lignification {unknown}
Comestibles
 f - 2 bread rations
 j - 2 meat rations


   Skills:
 + Level 4.4 Fighting
 * Level 4.5 Long Blades
 + Level 4.6 Armour
 - Level 4.1 Shields


You had 4 spell levels left.
You didn't know any spells.

Dungeon Overview and Level Annotations

Branches:
Dungeon (3/15)

Altars:
Dithmenos
Elyvilon

Annotations:
D:3 HessuHobo's ghost, amateur DrFE


Innate Abilities, Weirdness & Mutations

Shadows flee at your approach. (+LOS)
You can swim through water.
You cover ground slowly.
You can hop short distances.


Message History

The gnoll is lightly wounded.
The gnoll hits you with a flail!
You hit the gnoll.
The gnoll is moderately wounded.
The gnoll hits you with a flail.
You barely miss the gnoll.
The gnoll is moderately wounded.
The gnoll hits you with a flail.
* * * LOW HITPOINT WARNING * * *
The rat bites you but does no damage.
You barely miss the gnoll.
The gnoll is moderately wounded.
The rat bites you.
* * * LOW HITPOINT WARNING * * *
The gnoll hits you with a flail.
* * * LOW HITPOINT WARNING * * *
You closely miss the gnoll.
The gnoll is moderately wounded.
The rat misses you. The gnoll hits you with a flail.
You die...

#....# #.....#
#.#..#.# ######
#.....# ######......#
##########...##..#....
#...........###...
#.......##..###..#
#.......###..#..##
#........##.....##
#rg...............
#@.....##.........
#.....####..._...#
####...##.........
#..............
#.....##.....##
###..###..#..##
#..##..###..#
#......###...
#.......#..##


You could see a gnoll and a rat.

Vanquished Creatures
  A killer bee zombie (D:3)
  5 adders
  2 oozes (D:1)
  An adder skeleton (D:3)
  2 worms
  4 dart slugs
  2 leopard geckos (D:2)
  A ball python (D:1)
  3 giant cockroaches
  13 goblins
  8 hobgoblins
  3 jackals (D:2)
  5 kobolds
  5 bats
  3 frilled lizards
  14 rats
72 creatures vanquished.

Notes
Turn   | Place    | Note
-------+----------+-------------------------------------------
     0 | D:1      | Jerry the Barachi Fighter began the quest for the Orb.
     0 | D:1      | Reached XP level 1. HP: 18/18 MP: 1/1
   185 | D:1      | Reached XP level 2. HP: 25/25 MP: 2/2
   249 | D:1      | Reached XP level 3. HP: 30/30 MP: 3/3
   944 | D:1      | Reached XP level 4. HP: 36/37 MP: 4/4
  1452 | D:2      | Found a white marble altar of Elyvilon.
  1899 | D:3      | Noticed HessuHobo's ghost (amateur DrFE)
  1904 | D:3      | Reached XP level 5. HP: 38/42 MP: 5/5
  2122 | D:3      | Found a shadowy altar of Dithmenos.
  2551 | D:3      | Slain by a gnoll

Skill      XL: |  1  2  3  4 |
---------------+-------------+-----
Long Blades    | 3 4 |  4.5
Armour         | 4 |  4.6
Fighting       | 4 |  4.4
Shields        | 4 |  4.1

Action                   |  1- 3 |  4- 6 || total
-------------------------+-------+-------++-------
Melee: Long sword        |    17 |    40 ||    57
       Dagger            |    88 |    88 ||   176
  Eat: Chunk             |     1 |     5 ||     6
Armor: Scale mail        |    32 |    67 ||    99
Dodge: Dodged            |    27 |    74 ||   101
Block: Shield            |    13 |       ||    13
       Rpst.: Long sword |     3 |     8 ||    11
